 Dungeon Crawl Stone Soup version 0.25-a0-1133-g93ebf739aa (webtiles) character file.

Game seed: 6755104032479428543, levelgen mode: classic

332 Amnesiac the Vexing (level 6, 0/34 HPs)
             Began as a Deep Elf Arcane Marksman on May 21, 2020.
             Was a Follower of Okawaru.
             Slain by Duvessa
             ... wielding a +0 short sword
              (3 damage)
             ... on level 4 of the Dungeon.
             The game lasted 00:06:50 (3329 turns).

Amnesiac the Vexing (Deep Elf Arcane Marksman)      Turns: 3329, Time: 00:06:50

Health: 0/34       AC:  6    Str:  9    XL:     6   Next: 26%
Magic:  6/10       EV: 11    Int: 18    God:    Okawaru [*.....]
Gold:   100        SH:  0    Dex: 15    Spells: 4/8 levels left

rFire    . . .     SeeInvis .   b - +3 quarterstaff (chaos)
rCold    . . .     Gourm    .   (shield currently unavailable)
rNeg     . . .     Faith    .   p - +0 ring mail
rPois    .         Spirit   .   (no helmet)
rElec    .         Reflect  .   o - +0 cloak
rCorr    .         Harm     .   (no gloves)
MR       .....                  (no boots)
Stlth    +.........             (no amulet)
HPRegen  0.11/turn              (no ring)
MPRegen  0.12/turn              (no ring)

@: no status effects
A: no striking features
a: Heroism, Renounce Religion


You were on level 4 of the Dungeon.
You worshipped Okawaru.
Okawaru was aware of your devotion.
You were very hungry.

You visited 1 branch of the dungeon, and saw 5 of its levels.

You collected 100 gold pieces.

Inventory:

Hand Weapons
 a - a +0 shortbow
 b - a +3 quarterstaff of chaos (weapon)
Missiles
 c - 22 stones (quivered)
 d - 100 arrows
 j - 13 poisoned darts
 u - 9 sling bullets
Armour
 o - a +0 cloak (worn)
 p - a +0 ring mail (worn)
 v - a +0 pair of gloves of dexterity
Jewellery
 y - an uncursed ring of protection from cold
Scrolls
 g - 3 scrolls of teleportation {!r, unknown}
 h - 2 scrolls of enchant weapon {!r, unknown}
 i - a scroll of random uselessness {!r, unknown}
 k - a scroll of immolation {!r, unknown}
 l - a scroll of noise {!r, unknown}
 m - 2 scrolls of remove curse {!r, unknown}
 t - 3 scrolls of identify {!r, unknown}
 x - a scroll of fog {!r, unknown}
Potions
 e - 2 potions of flight {!q, unknown}
 q - 2 potions of lignification {!q, unknown}
 r - a potion of invisibility {!q, unknown}
 s - a potion of ambrosia {!q, unknown}
 w - 5 potions of curing {!q, unknown}
Comestibles
 f - 2 rations


   Skills:
 - Level 1.0 Fighting
 * Level 3.7 Staves
 - Level 4.2 Bows
 - Level 2.4 Dodging
 - Level 1.5 Spellcasting
 - Level 5.0 Hexes
 + Level 2.8 Invocations


You had 4 spell levels left.
You knew the following spells:

 Your Spells              Type           Power        Failure   Level  Hunger
a - Corona                Hex            ###....      7%          1    ##.....
b - Summon Small Mammal   Summ           #...         47%         1    ##.....
e - Slow                  Hex            ###.....     11%         2    ###....

Your spell library contained the following spells:

 Spells                   Type           Power        Failure   Level  Hunger
 Animate Skeleton         Necr           N/A          47%         1    ##.....
 Apportation              Tloc           #.....       47%         1    ##.....
 Inner Flame              Hex/Fire       ##......     50%         3    ####...
 Portal Projectile        Hex/Tloc       ##....       50%         3    ####...
 Cause Fear               Hex            ###.......   56%         4    #####..
 Leda's Liquefaction      Hex/Erth       ##........   88%         4    #####..


Dungeon Overview and Level Annotations

Branches:
Dungeon (5/15)
 Temple: D:4-7

Altars:
Makhleb
Okawaru
Xom
Zin

Shops:
D:5 }

Annotations:
D:4 Dowan, Duvessa


Message History

Press: ? - help, Shift-Dir - straight line, f - Duvessa
Aim: Duvessa, wielding a +0 short sword and wearing a cursed +0 leather armour (chance to defeat MR: 39%) Duvessa resists with some effort.
Duvessa drinks a potion.
Duvessa seems to grow stronger.
Casting: Slow (safe; 11% risk of failure)
Confirm with . or Enter, or press ? or * to list all spells.
Aiming: Corona (safe; 7% risk of failure)
Press: ? - help, Shift-Dir - straight line, f/p - Duvessa
Aim: Duvessa, wielding a +0 short sword and wearing a cursed +0 leather armour (strong, chance to defeat MR: 39%) Duvessa resists with significant effort.
You are feeling very hungry.
Duvessa hits you with a +0 short sword.
A scorpion comes into view.
The scorpion stings you.
You hit the scorpion.
The scorpion is moderately wounded.
Duvessa closely misses you.
The scorpion stings you but does no damage.
Unknown command.
You sock the scorpion!
The scorpion is severely wounded.
Duvessa hits you with a +0 short sword. The scorpion closely misses you.
Unknown command.
Unknown command.
You barely miss the scorpion.
The scorpion is severely wounded.
Duvessa hits you with a +0 short sword. The scorpion barely misses you.
Duvessa hits you with a +0 short sword!
* * * LOW HITPOINT WARNING * * *
Unknown command.
Unknown command.
Unknown command.
Okay, then.
Okay, then.
You hit the scorpion.
The scorpion is almost dead.
The scorpion closely misses you. Duvessa barely misses you.
Unknown command.
You sock the scorpion!
You kill the scorpion!
Okawaru accepts your kill. Duvessa hits you with a +0 short sword!
* * * LOW HITPOINT WARNING * * *
Unknown command.
Unknown command.
Unknown command.
You see here a scorpion corpse.
Dowan, Brother of Duvessa comes into view.
He is wielding a +3 dagger of electrocution.
Dowan shouts!
Dowan gestures wildly while chanting.
Dowan blinks!
Duvessa no longer looks unusually strong.
Duvessa says, "Where magic fails, the sword succeeds!"
You see here a worker ant corpse.
Dowan gestures at Duvessa while chanting.
Duvessa seems to speed up.
Casting: Corona (safe; 7% risk of failure)
Confirm with . or Enter, or press ? or * to list all spells.
Aiming: Slow (safe; 11% risk of failure)
Press: ? - help, Shift-Dir - straight line, f/p - Duvessa
Aim: Duvessa, wielding a +0 short sword and wearing a cursed +0 leather armour (fast, chance to defeat MR: 39%) Duvessa resists with some effort.
Duvessa hits you but does no damage. Duvessa hits you with a +0 short sword.
You die...

#.#.# ##'#.####
#.......#
#.......#
#..)....#
###..#### ##.#
#.# #@# #
#e###########.#
#>..†.........#
########e#.####
#.#...# #.###.#
#.# #.# #.# #.#
#e# #.#


You could see Duvessa (fast).

Vanquished Creatures
  A phantom (D:5)
  A scorpion (D:4)
  An orc wizard (D:5)
  Crazy Yiuf (D:2)
  Jessica (D:2)
  A worker ant (D:4)
  4 adders
  An ooze (D:2)
  A dart slug (D:2)
  2 leopard geckos
  2 orcs (D:5)
  A giant cockroach (D:1)
  8 goblins
  8 hobgoblins
  8 kobolds
  4 bats
  A frilled lizard (D:1)
  6 rats
52 creatures vanquished.

Notes
Turn   | Place    | Note
-------+----------+-------------------------------------------
     0 | D:1      | Amnesiac the Deep Elf Arcane Marksman began the quest for
                  | the Orb.
     0 | D:1      | Reached XP level 1. HP: 11/11 MP: 5/5
    60 | D:1      | Reached skill level 1 in Fighting
   196 | D:1      | Reached XP level 2. HP: 7/16 MP: 2/6
   200 | D:1      | Learned a level 2 spell: Slow
  1354 | D:2      | Noticed Jessica
  1370 | D:2      | Killed Jessica
  1370 | D:2      | Reached XP level 3. HP: 20/20 MP: 3/7
  1479 | D:2      | Found a runed translucent door.
  1480 | D:2      | Noticed Crazy Yiuf
  1510 | D:2      | Killed Crazy Yiuf
  1510 | D:2      | Reached skill level 5 in Hexes
  1510 | D:2      | Reached XP level 4. HP: 25/25 MP: 8/8
  1572 | D:2      | Found an iron altar of Okawaru.
  1655 | D:2      | Became a worshipper of Warmaster Okawaru
  2233 | D:2      | Found a burning altar of Makhleb.
  2237 | D:2      | Reached skill level 1 in Staves
  2240 | D:2      | Found a glowing silver altar of Zin.
  2241 | D:2      | Noticed an angel
  2241 | D:2      | Noticed a balrug
  2585 | D:3      | Reached skill level 1 in Invocations
  2593 | D:2      | Found a shimmering altar of Xom.
  2665 | D:3      | Learned a level 1 spell: Summon Small Mammal
  2732 | D:3      | You fall into a shaft and drop 1 floor!
  2771 | D:3      | Reached XP level 5. HP: 29/29 MP: 5/9
  2824 | D:3      | You fall into a shaft and drop 2 floors!
  2824 | D:5      | Entered Level 5 of the Dungeon
  2969 | D:5      | Noticed a phantom
  3006 | D:5      | Killed a phantom
  3006 | D:5      | Reached * piety under Okawaru
  3243 | D:5      | Found Qifenk's Gadget Shoppe.
  3271 | D:4      | Noticed Duvessa
  3290 | D:4      | Reached XP level 6. HP: 34/34 MP: 6/10
  3311 | D:4      | HP: 1/34 [Duvessa/+0 short sword (8)]
  3319 | D:4      | Noticed Dowan
  3329 | D:4      | Slain by Duvessa

Illustrated notes

Levels and vault maps discovered:
D:1:      heliophobic_arrival_enchanted_forest, layout_loops_corners,
          hangedman_abyss_or_decor_stabs
D:2:      lemuel_upstairs_altar, layout_loops_ring,
          grunt_temple_overflow_order_and_chaos_2, okawaru_metal_pillars_1_2,
          uniq_crazy_yiuf_cottage, uniq_jessica
D:3:      layout_rooms
D:4:      layout_basic, chequers_serial_rivers_small_3, uniq_duvessa
D:5:      layout_basic, lemuel_coloured_pillars_altar,
          minmay_temple_entry_glassed_door, serial_shops, shop, first_ration,
          nicolae_zen_rock_garden

Skill      XL: |  1  2  3  4  5 |
---------------+----------------+-----
Fighting       | 1 |  1.0
Bows           | 3 4 |  4.2
Hexes          | 5 |  5.0
Staves         | 1 3 |  3.7
Invocations    | 1 2 |  2.8
Dodging        | |  2.4
Spellcasting   | |  1.5

Action                   |  1- 3 |  4- 6 || total
-------------------------+-------+-------++-------
Melee: Quarterstaff      |       |    73 ||    73
 Fire: Shortbow          |    63 |       ||    63
 Cast: Corona            |    21 |    22 ||    43
       Slow              |     4 |    20 ||    24
  Eat: Chunk             |     2 |     7 ||     9
Armor: Robe              |     1 |     4 ||     5
       Ring mail         |       |    10 ||    10
Dodge: Dodged            |    17 |    37 ||    54

Table legend:
 A = Non-vault XP
 B = Vault XP
 C = Vault XP percentage of total XP
 D = Non-vault monster count
 E = Vault monster count
 F = Vault count percentage of total count
                 A         B        C        D         E       F
            +---------+---------+-------+---------+---------+-------
      Total |     399 |      76 |  16.0 |      50 |       2 |   3.8
            +---------+---------+-------+---------+---------+-------
        D:1 |      28 |       0 |   0.0 |      18 |       0 |   0.0
        D:2 |      58 |      76 |  56.7 |      16 |       2 |  11.1
        D:3 |      39 |       0 |   0.0 |      10 |       0 |   0.0
        D:4 |     101 |       0 |   0.0 |       2 |       0 |   0.0
        D:5 |     173 |       0 |   0.0 |       4 |       0 |   0.0
            +---------+---------+-------+---------+---------+-------
